 Dungeon Crawl Stone Soup version 0.26-a0-651-gb41185065b (webtiles) character file.

Game seed: 9533827889567938740

26 gbos the Grave Robber (level 2, -3/22 HPs)
             Began as a Deep Dwarf Necromancer on Oct 9, 2020.
             Slain by a bullfrog skeleton (4 damage)
             ... on level 2 of the Dungeon.
             The game lasted 00:03:08 (1468 turns).

gbos the Grave Robber (Deep Dwarf Necromancer)      Turns: 1468, Time: 00:03:09

Health: -3/22      AC:  2    Str: 11    XL:     2   Next: 89%
Magic:  4/4        EV: 13    Int: 15    God:
Gold:   104        SH:  0    Dex: 13    Spells: 3/4 levels left

rFire    . . .     SeeInvis .   k - +0 hand axe
rCold    . . .     Faith    .   (no shield)
rNeg     . . .     Spirit   .   a - +0 robe
rPois    .         Reflect  .   (no helmet)
rElec    .         Harm     .   (no cloak)
rCorr    .         Rampage  .   (no gloves)
MR       .....                  (no boots)
Stlth    ++........             (no amulet)
HPRegen  0.00/turn              (no ring)
MPRegen  0.09/turn              (no ring)

@: non-regenerating
A: damage resistance, heal wounds, sense surroundings 1, no regeneration
a: Heal Wounds


You were on level 2 of the Dungeon.
You visited 1 branch of the dungeon, and saw 2 of its levels.

You collected 104 gold pieces.


Innate Abilities, Weirdness & Mutations

You are resistant to damage.
You can heal yourself by infusing magical energy.
You passively map a small area around you.
You do not regenerate.


   Skills:
 + Level 3.1 Dodging
 - Level 2.4 Stealth
 - Level 1.7 Spellcasting
 + Level 4.9 Necromancy


You had 3 spell levels left.
You knew the following spells:

 Your Spells              Type           Power        Failure   Level
z - Pain                  Necr           ###.         3%          1

Your spell library contained the following spells:

 Spells                   Type           Power        Failure   Level
 Animate Skeleton         Necr           ###...       3%          1
 Vampiric Draining        Necr           ###.......   9%          3
 Animate Dead             Necr           ###.......   28%         4
 Agony                    Necr           ###.....     63%         5

Inventory:

Hand Weapons
 c - a +0 club
 k - a +0 hand axe (weapon)
Missiles
 n - 43 sling bullets
Armour
 a - a +0 robe (worn)
 g - a +0 cloak
Scrolls
 d - 4 scrolls of remove curse {unknown}
 i - a scroll of identify {unknown}
 j - a scroll of immolation {unknown}
 m - a scroll of teleportation {unknown}
Potions
 b - 4 potions of curing {unknown}
 e - 2 potions of stabbing {unknown}
 f - a potion of flight {unknown}
 h - a potion of invisibility {unknown}
 l - a potion of haste {unknown}

Dungeon Overview and Level Annotations

Branches:
Dungeon (2/15)

Altars:

▒▒.▒▒..<.......
.▒.............▒
...........▒▒▒<▒, ░░
....▒▒..▒▒▒▒ ▒.▒ , ░ ,░
▒...▒▒).▒▒▒▒▒▒.▒▒▒░
.................▒▒▒ ░ ░
▒..................▒ ░ ,
▒▒..▒▒▒..▒▒▒▒▒.▒Z▒.▒ ░
▒.. ▒..▒ ▒.▒g▒.▒▒▒.▒▒
▒..▒▒▒..▒▒▒▒▒.▒<........
░
▒.............▒†..▒▒▒▒▒
▒..▒▒▒▒.▒▒▒▒▒▒▒..)▒ ▒ ,
▒.▒ ▒▒▒▒....▒
..▒▒▒▒.▒▒▒.......▒
▒..................▒░
▒.▒▒▒▒▒.▒▒.▒▒▒▒.......
,, ,...▒▒.▒ ▒....▒▒▒ ░ ░


You could see a bullfrog skeleton.


Message History

The frilled lizard is heavily wounded.
The frilled lizard bites you but does no damage.
The frilled lizard misses you.
You barely miss the frilled lizard.
The frilled lizard is heavily wounded.
The frilled lizard bites you.
You hit the frilled lizard.
You kill the frilled lizard!
The bullfrog skeleton barely misses you.
You slash the bullfrog skeleton!
The bullfrog skeleton is moderately damaged.
The bullfrog skeleton closely misses you.
The bullfrog skeleton misses you.
You hit the bullfrog skeleton.
The bullfrog skeleton is moderately damaged.
The bullfrog skeleton hits you.
* * * LOW HITPOINT WARNING * * *
You barely miss the bullfrog skeleton.
The bullfrog skeleton is moderately damaged.
The bullfrog skeleton hits you.
* * * LOW HITPOINT WARNING * * *
The bullfrog skeleton hits you.
* * * LOW HITPOINT WARNING * * *
Okay, then.
Use which ability? (? or * to list)
You can't do that.
Use which ability? (? or * to list)
You fail to use your ability.
The bullfrog skeleton hits you.
You die...

Action                   || total
-------------------------++-------
Melee: Hand axe          ||    19
       Club              ||     8
 Cast: Pain              ||    36
Armor: Robe              ||     4
Dodge: Dodged            ||    28

Levels and vault maps discovered:
D:1:      lightli_arrival_windingriver, layout_loops_ring, minmay_tripent
D:2:      layout_loops_ring, nicolae_dithmenos_shadow_blocks, uniq_terence,
          uniq_natasha, uniq_jessica, uniq_crazy_yiuf_cottage

Notes
Turn   | Place    | Note
-------+----------+-------------------------------------------
     0 | D:1      | gbos the Deep Dwarf Necromancer began the quest for the
                  | Orb.
     0 | D:1      | Reached XP level 1. HP: 15/15 MP: 3/3
   397 | D:1      | Reached XP level 2. HP: 17/22 MP: 2/4
   868 | D:1      | Reached skill level 3 in Dodging
  1467 | D:2      | HP: 1/22 [bullfrog skeleton (3)]
  1468 | D:2      | Slain by a bullfrog skeleton

Vanquished Creatures
  A dart slug (D:1)
  A bat (D:1)
  4 giant cockroaches (D:1)
  A hobgoblin (D:2)
  2 jackals (D:1)
  6 frilled lizards
  4 goblins
  A kobold (D:1)
  4 rats (D:1)
24 creatures vanquished.
